 Dungeon Crawl Stone Soup version 0.29-a0-982-gaed3a0c8d8 (webtiles) character file.

Game seed: 370068489260386396

3535 leavemydog the Cleaver (level 9, -3/118 HPs)
             Began as a Minotaur Fighter on Aug 1, 2022.
             Slain by a vampire
             ... wielding a +2 vampiric halberd
              (10 damage)
             ... in a bailey.
             The game lasted 00:11:47 (7347 turns).

leavemydog the Cleaver (Minotaur Fighter)           Turns: 7347, Time: 00:11:48

Health: -3/118     AC: 24    Str: 23    XL:     9   Next: 82%
Magic:  1/8        EV:  2    Int:  7    God:
Gold:   385        SH:  5    Dex: 10    Spells: 5/8 levels left

rFire   . . .      SeeInvis .   a - +2 war axe
rCold   . . .      Faith    .   c - +0 buckler
rNeg    . . .      Spirit   .   (body armour currently unavailable)
rPois   +          Reflect  .   (helmet currently unavailable)
rElec   .          Harm     .   (cloak currently unavailable)
rCorr   .          Rampage  .   (gloves currently unavailable)
Will    +....      NoTele   +   (boots currently unavailable)
Stlth   +.........              h - amulet of the acrobat
HPRegen 0.29/turn               m - ring of willpower
MPRegen 0.11/turn               (no ring)

@: tree-form
A: stationary, stasis, torment immunity, boosted hp, (horns 2), (retaliatory
headbutt)
a: no special abilities


You were in a bailey.
You were a tree.
You visited 1 branch of the dungeon, and saw 8 of its levels.
You also visited: Ossuary and Bailey.

You collected 385 gold pieces.

Inventory:

Hand Weapons
 a - a +2 war axe (weapon)
 B - a +2 flail of protection
Missiles
 F - 2 throwing nets (quivered)
Armour
 c - a +0 buckler (worn)
 f - the +3 Mad Mage's Maulers (melded) {Infuse+∞ RegenMP Int-3}
   (You acquired it on level 3 of the Dungeon)

   It empowers its wearer's blows with all of their magic.
   It causes its wearer's magical reserves to regenerate more quickly.
   Int:       It affects your intelligence (-3).
 y - a +0 pair of boots (melded)
 A - a +0 cloak (melded)
 E - +0 steam dragon scales (melded)
Jewellery
 e - an amulet of faith
 h - an amulet of the acrobat (around neck)
 l - a ring of ice
 m - a ring of willpower (left branch)
 p - a ring of wizardry
 H - a +6 ring of strength
Wands
 G - a wand of flame (18)
Scrolls
 g - 3 scrolls of noise
 i - 6 scrolls of teleportation
 j - 3 scrolls of vulnerability
 q - 2 scrolls of amnesia
 r - a scroll of fear {unknown}
 s - 2 scrolls of enchant armour {unknown}
 t - 2 scrolls of fog {unknown}
 w - 2 scrolls of poison {unknown}
 x - a scroll of torment {unknown}
 D - a scroll of magic mapping {unknown}
Potions
 b - a potion of cancellation {unknown}
 d - 4 potions of might
 k - a potion of brilliance
 n - 3 potions of lignification
 o - 2 potions of haste
 u - 2 potions of curing
 v - 2 potions of flight
 z - a potion of attraction {unknown}
 C - a potion of mutation {unknown}


   Skills:
 + Level 7.0 Fighting
 * Level 14.1 Axes
 + Level 6.7 Armour
 + Level 5.3 Shields


You had 5 spell levels left.
You knew the following spells:

 Your Spells              Type           Power      Damage    Failure   Level
a - Lesser Beckoning      Tloc           0%         N/A       87%         3

Your spell library contained the following spells:

 Spells                   Type           Power      Damage    Failure   Level
 Gell's Gravitas          Tloc           0%         N/A       87%         3
 Teleport Other           Tloc           0%         N/A       87%         3
 Olgreb's Toxic Radiance  Pois           0%         N/A       99%         4
 Ozocubu's Refrigeration  Ice            0%         4d7       100%        7
 Ignition                 Fire           0%         3d3       100%        8


Dungeon Overview and Level Annotations

Branches:
Dungeon (9/15)            Ossuary (visited)          Bailey (1/1)
 Temple: D:4-7         Lair: D:8-11         Orc: D:9-12

Altars:
Ashenzari
Cheibriados
Elyvilon
Fedhas
Nemelex Xobeh
Ru
Sif Muna
Vehumet
Yredelemnul

Annotations:
D:3 exclusion: statue


Innate Abilities, Weirdness & Mutations

You are a tree.
Your roots penetrate the ground, keeping you stationary.
You cannot be teleported.
You are immune to unholy pain and torment.
Your maximum health is greatly increased.
Your equipment is partially melded.
((You have a pair of horns on your head.))
((You reflexively headbutt those who attack you in melee.))


Message History

You hit something but do no damage. Something draws life force from you!
You barely miss something. You headbutt something! Something hits you!
Something bites you!
Something draws strength from your injuries!
You hit something. Something hits you! Something bites you.
Something draws strength from your injuries!
Really quaff the potion of lignification?
You turn into a tree.
Your +0 cloak melds into your body.
The +3 Mad Mage's Maulers {Infuse+∞ RegenMP Int-3} melds into your body.
Your +0 pair of boots melds into your body.
Your +0 steam dragon scales melds into your body.
The surge of magic dissipates.
Your roots penetrate the ground.
Something hits you!
* * * LOW HITPOINT WARNING * * *
Something bites you but does no damage.
You cannot move.
You cannot move.
You cannot move.
You cannot move.
You cannot move.
You cannot move.
You cannot move.
You cannot move.
You hit something. You slash something! Something hits you.
* * * LOW HITPOINT WARNING * * *
Something bites you but does no damage.
You miss something. Something hits you.
* * * LOW HITPOINT WARNING * * *
Something bites you!
* * * LOW HITPOINT WARNING * * *
Something draws strength from your injuries!
You hit something but do no damage. Something hits you but does no damage.
Something bites you but does no damage.
You feel better. You block something's attack.
Something bites you but does no damage.
You hit something. Something hits you!
* * * LOW HITPOINT WARNING * * *
Something bites you!
You die...

####...#........#
+....####.......#
+...##..##.....8#
#...#....#########
#.....))).......8#
#......#)........#
#8....##...##''###
#######.).##....##
8.......##....♣.#
8.......#...##{..#
#########..# ##..#
#.. ..# #8. ..# ##
!## ##


There were no monsters in sight!

Vanquished Creatures
  A two-headed ogre (D:9)
  The ghost of MoonlitKnight the Chiller, a novice MfIE of the Shining One (D:6)
  A gargoyle (Bailey)
  A vampire (D:6)
  A steam dragon (D:8)
  An orc warrior (D:8)
  A black bear (D:5)
  A gnoll sergeant (D:8)
  An elf skeleton (D:4)
  3 scorpions
  A water moccasin zombie (Ossuary)
  A wight (Ossuary)
  3 killer bees (D:8)
  A howler monkey (D:5)
  3 bullfrog zombies (Ossuary)
  A gnoll bouda (D:8)
  3 hounds (D:5)
  2 jellies (D:8)
  3 centaur zombies (Ossuary)
  3 orc priests (D:8)
  5 human skeletons (D:4)
  An iguana (D:4)
  A scorpion zombie (Ossuary)
  5 orc wizards
  An ogre zombie (Ossuary)
  5 adders
  20 gnolls
  A shadow imp (D:5)
  2 white imps
  4 adder zombies (Ossuary)
  A worm (D:4)
  3 dart slugs
  25 orcs
  8 bats
  4 endoplasms
  2 giant cockroaches
  15 goblins
  5 hobgoblins
  3 jackals (D:3)
  3 kobolds
  3 quokkas
  8 ball pythons
  A frilled lizard (D:3)
  4 gnoll zombies (Ossuary)
  6 goblin zombies (Ossuary)
  2 hobgoblin zombies (Ossuary)
  9 orc zombies
  4 rats
184 creatures vanquished.

Vanquished Creatures (others)
  35 fungi (D:3)
  22 plants (D:5)
57 creatures vanquished.

Grand Total: 241 creatures vanquished

Notes
Turn   | Place    | Note
-------+----------+-------------------------------------------
     0 | D:1      | leavemydog the Minotaur Fighter began the quest for the
                  | Orb.
     0 | D:1      | Reached XP level 1. HP: 19/19 MP: 0/0
   244 | D:1      | Reached XP level 2. HP: 26/27 MP: 1/1
  1404 | D:2      | Reached skill level 3 in Axes
  1404 | D:2      | Reached XP level 3. HP: 33/33 MP: 2/2
  1599 | D:2      | Found a faded altar of an unknown god.
  1911 | D:2      | Reached XP level 4. HP: 36/40 MP: 3/3
  2143 | D:3      | Found a shimmering blue altar of Sif Muna.
  2214 | D:3      | Reached skill level 4 in Axes
  2317 | D:3      | Reached XP level 5. HP: 9/46 MP: 4/4
  2326 | D:3      | Found a broken altar of Ashenzari.
  2600 | D:3      | Found a radiant altar of Vehumet.
  2602 | D:3      | Noticed a charred statue
  2654 | D:3      | Found a white marble altar of Elyvilon.
  2667 | D:3      | Reached skill level 5 in Axes
  2951 | D:3      | Found a snail-covered altar of Cheibriados.
  2981 | D:3      | Identified a scroll of acquirement
  2982 | D:3      | Acquired the +3 Mad Mage's Maulers {Infuse+∞ RegenMP Int-3}
  2982 | D:3      | Found the +3 Mad Mage's Maulers {Infuse+∞ RegenMP Int-3}
  3180 | D:4      | Reached skill level 6 in Axes
  3180 | D:4      | Reached XP level 6. HP: 53/53 MP: 1/5
  3201 | D:4      | Found a sand-covered staircase.
  3215 | Ossuary  | Entered an ossuary
  3241 | Ossuary  | Reached skill level 5 in Armour
  3337 | Ossuary  | Reached skill level 7 in Axes
  3344 | Ossuary  | Reached XP level 7. HP: 45/60 MP: 1/6
  3505 | Ossuary  | Reached skill level 8 in Axes
  3506 | Ossuary  | Reached skill level 5 in Fighting
  3644 | Ossuary  | Noticed a silent spectre
  3859 | D:4      | Reached skill level 9 in Axes
  4008 | D:4      | Found a sacrificial altar of Ru.
  4057 | D:4      | Reached XP level 8. HP: 62/68 MP: 1/7
  4289 | D:5      | Entered Level 5 of the Dungeon
  4587 | D:5      | Reached skill level 10 in Axes
  5234 | D:6      | Found a runed translucent gate.
  5234 | D:6      | Found a runed translucent gate.
  5234 | D:6      | Found a runed translucent gate.
  5238 | D:6      | Noticed MoonlitKnight's ghost (novice MfIE)
  5252 | D:6      | Killed MoonlitKnight's ghost
  5253 | D:6      | Reached skill level 11 in Axes
  5338 | D:6      | HP: 5/100 [something (14)]
  5777 | D:6      | You fall into a shaft and drop 2 floors!
  5825 | D:8      | Reached skill level 12 in Axes
  5825 | D:8      | Reached XP level 9. HP: 61/75 MP: 1/8
  5976 | D:8      | Found a blossoming altar of Fedhas.
  6244 | D:8      | Found a sparkling altar of Nemelex Xobeh.
  6318 | D:8      | Reached skill level 5 in Shields
  6721 | D:8      | Found a basalt altar of Yredelemnul.
  6801 | D:8      | Learned a level 3 spell: Lesser Beckoning
  6833 | D:9      | Found a flagged portal.
  6836 | D:9      | Noticed a two-headed ogre
  6852 | D:9      | Killed a two-headed ogre
  6853 | D:9      | Reached skill level 13 in Axes
  6885 | Bailey   | Entered a bailey
  7015 | Bailey   | Noticed a gargoyle
  7026 | Bailey   | Killed a gargoyle
  7027 | Bailey   | Reached skill level 14 in Axes
  7347 | Bailey   | Slain by a vampire

Illustrated notes

Levels and vault maps discovered:
D:1:      dpeg_arrival_central, layout_loops_ring, hangedman_feature_mirror
D:2:      minmay_inner_zag, layout_basic,
          hellmonk_ecumenical_altar_leap_of_faith
D:3:      layout_rooms, elyvilon_altar_1, vehumet_statue,
          mainiacjoe_overflow_brackets, mainiacjoe_overflow_catch_the_wave
D:4:      layout_basic, lemuel_crystal_altar, nicolae_ossuary_entry_catacombs,
          minmay_misc_feat_encased
D:5:      layout_loops_ring, serial_bayou, serial_bayou_pond_c,
          serial_bayou_pond_c, serial_bayou_pond_c, serial_bayou_lake_a
D:6:      layout_basic, ebering_ghost_rock_garden
D:8:      layout_rooms, nemelex_xobeh_ov_fountains_minmay,
          kennysheep_little_box, kennysheep_mini, serial_rivers,
          chequers_serial_rivers_micro_e, chequers_serial_rivers_small_3,
          chequers_serial_rivers_micro_b, chequers_serial_rivers_large_a,
          chequers_serial_rivers_micro_d, chequers_serial_rivers_micro_a
D:9:      layout_cave_pools, enter_bailey_5, grunt_decor_junction
Bailey:   bailey_polearm_vampire_castle_hellmonk, bailey

Skill      XL: |  1  2  3  4  5  6  7  8  9 |
---------------+----------------------------+-----
Armour         | 4 5 6 |  6.7
Shields        | 4 5 |  5.3
Fighting       | 4 5 6 7 |  7.0
Axes           | 3 4 6 7 9 12 14 | 14.1

Action                   |  1- 3 |  4- 6 |  7- 9 || total
-------------------------+-------+-------+-------++-------
Melee: War axe           |    86 |   128 |   214 ||   428
       Headbutt          |     5 |    14 |    30 ||    49
  Use: Scroll            |       |    12 |     3 ||    15
       Potion            |       |       |     8 ||     8
Armor: Scale mail        |    41 |    85 |    85 ||   211
       Steam dragon scal |       |       |    25 ||    25
       Skin              |       |       |     5 ||     5
Dodge: Dodged            |    41 |    55 |   122 ||   218
Block: Buckler           |    23 |    39 |    46 ||   108

Table legend: (Time is in decaauts)
 A = Elapsed time spent in this place.
 B = Non-inter-level travel time spent in this place.
 C = Inter-level travel time spent in this place.
 D = Time resting spent in this place.
 E = Time spent auto-exploring this place.
 F = Levels seen in this place.
 G = Mean time per level.
                   A        B        C        D        E       F      G
               +--------+--------+--------+--------+--------+-----+--------+
         Total |   7451 |   7298 |    153 |   1666 |   4532 |  10 |  745.1 |
       Dungeon |   6462 |   6309 |    153 |   1163 |   4226 |   8 |  807.8 |
       Ossuary |    532 |    532 |      0 |    209 |    194 |   1 |  532.0 |
        Bailey |    456 |    456 |      0 |    294 |    112 |   1 |  456.0 |
               +--------+--------+--------+--------+--------+-----+--------+

Top non-repeatable levels by time:
     D:2: 1603 daAuts
     D:8: 1061 daAuts
     D:5: 870 daAuts
     D:1: 794 daAuts
     D:4: 759 daAuts
     D:3: 675 daAuts
     D:6: 647 daAuts
 Ossuary: 532 daAuts
  Bailey: 456 daAuts
     D:9: 51 daAuts
